 Dungeon Crawl Stone Soup version 0.22-a0-756-gc33bbe721d (webtiles) character file.

43 Bapho the Slasher (level 3, 0/33 HPs)
             Began as a Draconian Monk on July 16, 2018.
             Slain by a hobgoblin
             ... wielding a +0 club
             ... led by Robin
              (4 damage)
             ... on level 2 of the Dungeon.
             The game lasted 00:02:14 (1045 turns).

Bapho the Slasher (Draconian Monk)                  Turns: 1045, Time: 00:02:15

Health: 0/33       AC:  5    Str: 13    XL:     3   Next: 37%
Magic:  3/3        EV: 13    Int: 10    God:
Gold:   54         SH:  0    Dex: 14    Spells: 2/2 levels left

rFire    . . .     SeeInvis .   a - +0 falchion
rCold    . . .     Gourm    .   (no shield)
rNeg     . . .     Faith    .   (armour unavailable)
rPois    .         Spirit   .   (helmet restricted)
rElec    .         Reflect  .   (no cloak)
rCorr    .         Harm     .   (no gloves)
MR       .....                  (no boots)
Stlth    ++........             (no amulet)
HPRegen  0.11/turn              (no ring)
MPRegen  0.08/turn              (no ring)

@: no status effects
A: unfitting armour, cold-blooded, AC +5
a: no special abilities


You were on level 2 of the Dungeon.
You were hungry.

You visited 1 branch of the dungeon, and saw 2 of its levels.

You collected 54 gold pieces.

Inventory:

Hand Weapons
 a - a +0 falchion (weapon)
Missiles
 d - 22 stones (quivered)
Jewellery
 j - an uncursed ring of stealth {unknown}
Scrolls
 c - 3 scrolls of identify {unknown}
 e - 2 scrolls of immolation {unknown}
 h - 2 scrolls of enchant weapon {unknown}
 k - 2 scrolls of teleportation {unknown}
 l - 5 scrolls of remove curse {unknown}
 n - a scroll of random uselessness {unknown}
 o - a scroll of amnesia {unknown}
Potions
 g - 2 potions of mutation {unknown}
 i - a potion of might {unknown}
 m - a potion of invisibility {unknown}
Comestibles
 b - 3 rations
 f - 2 chunks of flesh


   Skills:
 + Level 3.7 Fighting
 * Level 3.8 Long Blades
 + Level 3.1 Dodging
 - Level 1.7 Stealth


You had 2 spell levels left.
You didn't know any spells.
Your spell library was empty.

Dungeon Overview and Level Annotations

Branches:
Dungeon (2/15)

Altars:

Annotations:
D:2 Robin


Innate Abilities, Weirdness & Mutations

Your plain brown scales are hard. (AC +5)
You cannot fit into any form of body armour.
You are cold-blooded and may be slowed by cold attacks.


Message History

You hit Robin but do no damage.
Robin is severely wounded.
The goblin hits you but does no damage. The hobgoblin completely misses you.
You riposte.
You closely miss the hobgoblin.
Your tail-slap misses the hobgoblin.
Robin hits you with a dagger.
* * * LOW HITPOINT WARNING * * *
The goblin misses you.
Robin says, "Duck!"
The goblin unwields an uncursed dagger.
The goblin wields an uncursed hunting sling.
The goblin shoots a stone.
The stone barely misses you.
You see here a stone.
The goblin shoots a stone.
The stone misses you. Robin throws the goblin at you!
You see here a stone.
You hit the goblin.
You kill the goblin!
You are feeling hungry.
The hobgoblin hits you with a club.
You die...

#.##.##.# #...<...#
#.......# ##.#.####
##.#.##.## ########.#.#
#.#.#.#.###...>....#.#
#.#..###.##.##.....#.##
#.###.#........##.#...#
#.####.####.........).#####
#......# #..####.#.<.....#
######## #..(g@).###.###.#
#.g.##### #.# #..(# #.#
#...# #.. #(..# ### #)).#
(...... (.........
(..........


You could see Robin and a hobgoblin.

Vanquished Creatures
  An adder (D:2)
  A dart slug (D:2)
  A leopard gecko (D:1)
  2 bats
  A giant cockroach (D:1)
  10 goblins
  5 hobgoblins
  2 kobolds (D:1)
  A frilled lizard (D:2)
  3 rats (D:1)
27 creatures vanquished.

Notes
Turn   | Place    | Note
-------+----------+-------------------------------------------
     0 | D:1      | Bapho the Draconian Monk began the quest for the Orb.
     0 | D:1      | Reached XP level 1. HP: 19/19 MP: 1/1
   194 | D:1      | Reached XP level 2. HP: 26/26 MP: 2/2
   639 | D:2      | Reached XP level 3. HP: 23/33 MP: 3/3
  1030 | D:2      | Noticed Robin
  1045 | D:2      | Slain by a hobgoblin

Vault maps used:
D:1:      nicolae_arrival_memento_mori
D:2:      nicolae_ashenzari_panopticon, nicolae_overflow_crystal_walls,
          uniq_robin

Skill      XL: |  1  2 |
---------------+-------+-----
Dodging        | 3 |  3.1
Fighting       | |  3.7
Long Blades    | |  3.8
Stealth        | |  1.7

Action                   || total
-------------------------++-------
Melee: Falchion          ||    59
       Tailslap          ||     4
Throw: Stone             ||    60
Armor: Skin              ||     9
Dodge: Dodged            ||    41
       Rpst.: Falchion   ||    16

Table legend:
 A = Spawn XP
 B = Non-spawn XP
 C = Spawn XP percentage of total XP
 D = Spawn monster count
 E = Non-spawn monster count
 F = Spawn count percentage of total count
 G = Total turns spent on level
                    A         B        C        D         E        F      G
               +---------+---------+-------+---------+---------+-------+---------
         Total |       0 |      62 |   0.0 |       0 |      27 |   0.0 |  1045
               +---------+---------+-------+---------+---------+-------+---------
           D:1 |       0 |      20 |   0.0 |       0 |      11 |   0.0 |   461
           D:2 |       0 |      42 |   0.0 |       0 |      16 |   0.0 |   584
               +---------+---------+-------+---------+---------+-------+---------
